 Dungeon Crawl Stone Soup version 0.28.0-53-g5a82cb258f (webtiles) character file.

Game seed: 14521336561014071258

139 LynnLen the Grave Robber (level 5, 0/35 HPs)
             Began as a Vampire Necromancer on Aug 1, 2022.
             Killed by divine providence
             ... invoked by an orc priest
              (15 damage)
             ... on level 3 of the Dungeon.
             The game lasted 00:13:54 (2829 turns).

LynnLen the Grave Robber (Vampire Necromancer)      Turns: 2829, Time: 00:13:55

Health: 0/35       AC:  3    Str:  7    XL:     5   Next: 1%
Magic:  11/11      EV: 11    Int: 19    God:
Gold:   147        SH:  0    Dex: 15    Spells: 2/12 levels left

rFire   . . .      SeeInvis +   k - +0 hunting sling
rCold   . . .      Faith    .   (no shield)
rNeg    . . .      Spirit   .   d - +0 leather armour
rPois   .          Reflect  .   (no helmet)
rElec   .          Harm     .   (no cloak)
rCorr   .          Rampage  .   (no gloves)
Will    .....                   (no boots)
Stlth   ++........              (no amulet)
HPRegen 0.31/turn               (no ring)
MPRegen 0.12/turn               (no ring)

@: about to teleport, healing quickly
A: alive, fangs 3, see invisible, vampiric 2
a: Exsanguinate


You were on level 3 of the Dungeon.
You visited 1 branch of the dungeon, and saw 3 of its levels.

You collected 147 gold pieces.

Inventory:

Hand Weapons
 k - a +0 hunting sling (weapon)
Missiles
 b - 153 stones
 e - 19 sling bullets (quivered ammo)
 g - 3 poisoned darts
 j - a throwing net
Armour
 a - a +0 robe
 d - a +0 leather armour (worn)
Jewellery
 m - an amulet of guardian spirit
Wands
 i - a wand of charming (12)
Scrolls
 l - 2 scrolls of identify {unknown}
Potions
 c - a potion of lignification {unknown}
 f - a potion of resistance
 h - 2 potions of haste {unknown}


   Skills:
 - Level 2.1 Dodging
 - Level 3.0 Stealth
 * Level 4.0 Spellcasting
 + Level 5.4 Necromancy


You had 2 spell levels left.
You knew the following spells:

 Your Spells              Type           Power      Damage    Failure   Level
a - Pain                  Necr           96%        1d8       2%          1
b - Animate Skeleton      Necr           48%        N/A       2%          1
c - Call Canine Familiar  Summ           3%         N/A       52%         3
d - Vampiric Draining     Necr           24%        2d7       7%          3
e - Blink                 Tloc           6%         N/A       30%         2

Your spell library contained the following spells:

 Spells                   Type           Power      Damage    Failure   Level
 Animate Dead             Necr           12%        N/A       22%         4
 Lesser Beckoning         Tloc           3%         N/A       52%         3
 Portal Projectile        Hex/Tloc       6%         N/A       52%         3
 Agony                    Necr           24%        N/A       52%         5
 Leda's Liquefaction      Hex/Erth       1%         N/A       90%         4
 Manifold Assault         Tloc           3%         N/A       99%         5


Dungeon Overview and Level Annotations

Branches:
Dungeon (3/15)

Altars:
Qazlal

Shops:
D:2 [


Innate Abilities, Weirdness & Mutations

Your natural rate of healing is accelerated.
You have razor-sharp teeth.
You have supernaturally acute eyesight. (SInv)
You are afflicted with vampirism and can become a bat while bloodless.


Message History

You start memorising the spell.
You continue memorising. x2
You finish memorising.
Spell assigned to 'e'.
An orc comes into view.
It is wielding a +0 flail. 2 orcs come into view.
Found a scale mail.
The orc shouts! x2
An orc priest comes into view. It is wielding a +0 whip.
The orc throws a boomerang.
The boomerang misses you.
An orc comes into view. It is wielding a +0 hand axe.
The orc priest shouts!
The orc shouts!
The orc priest miscasts a cantrip.
The orc throws a boomerang.
The boomerang hits you.
You open the door. The orc barely misses you.
There is an open door here.
Aiming: Pain (safe; 2% risk of failure)
Press: ? - help, Q - select action, (/) - cycle Shift-Dir - straight line, f - orc
Aim: an orc, wielding a +0 flail and wearing a +0 leather armour (chance to affect: 92%)
The orc writhes in agony.
Aiming: Pain (safe; 2% risk of failure)
Press: ? - help, Q - select action, (/) - cycle Shift-Dir - straight line, f/p - orc
Aim: an orc, wielding a +0 flail and wearing a +0 leather armour (heavily wounded, chance to affect: 92%)
The orc writhes in agony.
You kill the orc!
Things that are here:
a +0 flail; a +0 leather armour; an orc corpse The orc throws a boomerang.
The boomerang hits you.
The orc priest mumbles some strange prayers to Beogh against you.
Beogh smites you!
The orc throws a boomerang.
The boomerang hits you. The orc hits you with a +0 hand axe.
The orc closely misses you. The orc closely misses you.
You see here a rat skeleton.
Okay, then.
As you read the scroll of teleportation, it crumbles to dust.
You feel strangely unstable. The orc barely misses you.
The orc priest mumbles some strange prayers to Beogh against you.
Beogh smites you!
You die...

...... ...###........# #...##....
....# #...##........# #...##....
....# #...##.....)..# #...##...)
....# #...##........# #...##....
....# #...##........###...##....
....# #÷..##.........÷'....+....
....####...##........###...##.÷..
....................oo...)...†##.
###........####.@.o.8.8...###÷##.
# #.....#### #.....#'#...# #.##.
# #.....# #.....#.#...# #.##.
###.....#######...###.###)###..##
..'.....'.........#8...8#.'.o....
###.....########..#.._..#..###.##
#.##### #..#8...8#.## #..# #.#
#..###.###.# ##.# ###'###
########....#.#...# #o#


You could see an orc priest and 2 orcs.

Vanquished Creatures
  6 adders
  A worm (D:2)
  A dart slug (D:2)
  12 orcs (D:3)
  4 bats
  3 endoplasms
  6 giant cockroaches
  5 goblins
  5 hobgoblins
  2 jackals (D:3)
  2 kobolds
  2 quokkas
  6 ball pythons
  5 frilled lizards
  6 rats
66 creatures vanquished.

Notes
Turn   | Place    | Note
-------+----------+-------------------------------------------
     0 | D:1      | LynnLen the Vampire Necromancer began the quest for the
                  | Orb.
     0 | D:1      | Reached XP level 1. HP: 13/13 MP: 3/3
    16 | D:1      | Learned a level 1 spell: Animate Skeleton
   364 | D:1      | Reached XP level 2. HP: 18/19 MP: 3/5
   764 | D:2      | Found Kihe's Armour Shoppe.
  1186 | D:2      | Gained mutation: You are afflicted with vampirism and can
                  | become a bat while bloodless. [Vampire growth]
  1186 | D:2      | Reached XP level 3. HP: 21/24 MP: 2/7
  1271 | D:2      | Reached skill level 5 in Necromancy
  1298 | D:2      | Found a stormy altar of Qazlal.
  2051 | D:3      | Reached XP level 4. HP: 27/30 MP: 5/9
  2178 | D:3      | Found a faded altar of an unknown god.
  2772 | D:3      | Reached XP level 5. HP: 34/35 MP: 8/11
  2776 | D:3      | Learned a level 3 spell: Call Canine Familiar
  2780 | D:3      | Learned a level 3 spell: Vampiric Draining
  2785 | D:3      | Learned a level 2 spell: Blink
  2829 | D:3      | Killed from afar by an orc priest

Illustrated notes

Levels and vault maps discovered:
D:1:      minmay_arrival_doors, layout_basic
D:2:      layout_rooms, basic_altar, serial_shops, nicolae_lakefront_shop
D:3:      layout_basic, dreamdust_ecumenical_altar_angels_and_demons,
          portal_sewer_entry_a, kennysheep_potato

Skill      XL: |  1  2  3  4 |
---------------+-------------+-----
Necromancy     | 5 |  5.4
Spellcasting   | 3 4 |  4.0
Dodging        | |  2.1
Stealth        | |  3.0

Action                   |  1- 3 |  4- 6 || total
-------------------------+-------+-------++-------
Melee: Unarmed           |     2 |       ||     2
 Fire: Hunting sling     |     2 |       ||     2
 Cast: Pain              |    71 |    57 ||   128
       Animate Skeleton  |     2 |       ||     2
  Use: Scroll            |     1 |     1 ||     2
       Potion            |     1 |       ||     1
 Stab: Sleeping          |     1 |       ||     1
Armor: Leather armour    |     1 |    15 ||    16
Dodge: Dodged            |    12 |    30 ||    42
